Map: Lerilak Crest

Players

MorN - Winner!

  • Race: Terran Terran
  • League: Master

Pandaiga

  • Race: Terran Terran
  • League: Master

VOD

Have the link to the VOD?

Description

Time

  • Played on: Dec. 10, 2015, 12:15 p.m.
  • Length: 7:05
Show
View Real Time Build Order
Export as new Build Order

MorN Terran - Winner!

Build Orders: 1/1/1, Banshee Rush 

Get SALT Encoding   

  12  0:00  SCV  
  13  0:13  SCV  
  14  0:17  Supply Depot  
  14  0:25  SCV  
  14  0:27  Refinery  
  15  0:39  SCV  
  16  0:45  Barracks  
  16  0:52  SCV  
  16  0:55  Refinery  
  17  1:04  SCV  
  18  1:16  SCV  
  20  1:33  Orbital Command  
  20  1:34  Factory  
  20  1:37  Reaper  
  20  1:48  Supply Depot  
  19  1:59  SCV  
  20  2:09  Reaper  
  20  2:14  SCV  
  22  2:20  Starport  
  22  2:22  Hellion  
  24  2:28  SCV  
  25  2:34  Supply Depot  
  25  2:55  Barracks Tech Lab, Hellion  
  25  2:56  SCV  
  28  3:08  SCV  
  26  3:24  Factory Tech Lab  
  26  3:26  Banshee, Cloaking Field  
  29  3:35  SCV, Barracks Reactor  
  29  3:50  SCV, Cyclone  
  33  4:03  Command Center, SCV  
  33  4:09  Raven  
  36  4:13  Supply Depot  
  36  4:16  Marine x2  
  38  4:27  Barracks  
  38  4:30  SCV  
  39  4:31  Factory Reactor, Barracks  
  39  4:42  SCV  
  40  4:53  Marine  
  40  4:55  Stimpack  
  41  5:05  Starport Reactor  
  41  5:11  SCV, Marine  
  40  5:17  Orbital Command  
  40  5:23  SCV  
  40  5:25  Engineering Bay  
  41  5:28  Marine  
  41  5:31  Marine x2  
  41  5:32  Marine x2  
  46  5:37  Siege Tank  
  46  5:41  SCV, Refinery  
  50  5:46  SCV, Marine  
  50  5:49  Marine x3  
  54  5:50  Medivac x2  
  54  5:52  Marine  
  60  5:58  SCV  
  60  6:00  SCV, Supply Depot  
  62  6:05  Supply Depot  
  62  6:18  SCV, Marine  
  62  6:22  SCV, Siege Tank  
  62  6:23  Marine  
  67  6:30  SCV  
  68  6:33  Marine x3  
  68  6:34  SCV  
  68  6:36  Marine  
  75  6:41  Marine  
  75  6:42  SCV  
  75  6:44  Supply Depot  
  75  6:46  SCV  
Show
View Real Time Build Order
Export as new Build Order

Pandaiga Terran 

Build Orders:  

Get SALT Encoding   

  12  0:00  SCV  
  13  0:12  SCV  
  14  0:17  Supply Depot  
  14  0:25  SCV  
  15  0:39  SCV, Barracks  
  16  0:51  SCV  
  17  1:03  SCV  
  18  1:15  SCV  
  19  1:26  Marine  
  19  1:29  Orbital Command  
  19  1:32  Command Center  
  20  1:40  Refinery  
  20  1:42  Refinery  
  20  1:45  Marine  
  21  1:55  SCV  
  22  2:03  Supply Depot  
  22  2:04  Marine  
  23  2:25  SCV  
  23  2:28  Factory, Marine  
  25  2:37  SCV  
  26  2:46  Marine, Orbital Command  
  26  2:49  SCV  
  26  3:01  SCV  
  26  3:04  Marine  
  26  3:05  Engineering Bay  
  28  3:18  Hellion  
  28  3:19  Starport  
  30  3:22  SCV  
  30  3:23  SCV  
  32  3:32  Marine  
  32  3:42  SCV  
  32  3:44  Factory Tech Lab  
  33  3:48  SCV  
  33  3:54  SCV  
  34  3:57  Missile Turret  
  34  4:00  SCV  
  35  4:05  Cyclone  
  35  4:08  SCV  
  39  4:13  Missile Turret  
  39  4:17  Medivac  
  39  4:20  SCV  
  42  4:25  SCV  
  43  4:33  SCV  
  43  4:34  Barracks Reactor  
  44  4:46  SCV  
  42  4:54  SCV  
  42  4:58  Raven  
  42  4:59  SCV  
  46  5:00  Factory Tech Lab  
  46  5:10  SCV  
  46  5:17  Supply Depot x2  
  46  5:20  Command Center  
  46  5:21  Missile Turret  
  46  5:24  Barracks  
  46  5:26  Barracks  
  46  5:32  Refinery  
  46  5:33  Supply Depot, Refinery  
  46  5:38  SCV x2, Siege Tank, Marine x2  
  46  5:39  Supply Depot  
  46  5:41  Supply Depot  
  53  5:55  SCV x2  
  55  6:04  Supply Depot  
  55  6:07  SCV  
  55  6:09  SCV  
  55  6:10  Siege Tank  
  60  6:14  Barracks Reactor x2  
  60  6:16  Supply Depot  
  60  6:19  SCV  
  60  6:23  SCV  
  62  6:31  SCV  
  63  6:33  Orbital Command  
  63  6:35  SCV  
  64  6:40  Marine  
  68  6:48  Armory, Engineering Bay  
  68  6:51  SCV x2  
  70  6:57  Supply Depot x2  
Tags
 
Add a new tag
Caveats
  • Supply blocks, unpowered buildings, or Contaminate may cause inaccurate times.
  • Supply counts are checked every 10 seconds.